Map: 16-Bit LE

Players

Earth

  • Race: Terran Terran
  • League: Silver
  • Spawn Location: 1:00

tomendes - Winner!

  • Race: Terran Terran
  • League: Gold
  • Spawn Location: 7:00

VOD

Have the link to the VOD?

Description

Time

  • Played on: July 3, 2018, 1:16 p.m.
  • Length: 15:51
Show
View Real Time Build Order
Export as new Build Order

Earth Terran 

Build Orders:  

Get SALT Encoding   

  12  0:01  SCV  
  13  0:13  SCV  
  14  0:19  Supply Depot  
  14  0:25  SCV  
  15  0:41  SCV  
  16  0:49  Barracks  
  16  0:53  SCV  
  17  0:57  Refinery  
  17  1:05  SCV  
  18  1:18  Barracks  
  18  1:27  SCV  
  19  1:34  Supply Depot  
  19  1:35  Refinery  
  19  1:38  Marine  
  20  1:47  Orbital Command  
  20  1:57  Reaper  
  21  2:14  SCV  
  22  2:15  Reaper  
  23  2:26  SCV  
  24  2:32  Supply Depot  
  24  2:34  Reaper  
  25  2:39  SCV  
  26  2:54  SCV  
  26  2:55  Command Center  
  26  2:57  Marine  
  28  3:05  Factory  
  28  3:08  Marine  
  29  3:16  Marine  
  29  3:18  SCV  
  30  3:57  SCV  
  30  4:01  Barracks Tech Lab  
  30  4:02  Barracks Reactor  
  31  4:05  Widow Mine  
  33  4:11  Starport  
  33  4:22  Factory  
  33  4:36  SCV  
  33  4:37  Orbital Command  
  34  4:47  Siege Tank  
  37  4:57  Medivac  
  39  5:11  SCV x2  
  41  5:19  Siege Tank  
  41  5:20  Cyclone x2  
  50  5:30  Marine x2  
  52  5:41  Viking  
  54  6:15  Engineering Bay, Supply Depot  
  54  6:17  Supply Depot  
  54  6:19  Supply Depot  
  54  6:21  Refinery  
  54  6:22  Refinery  
  54  6:36  Marine x2  
  54  6:37  Siege Tank, SCV x2  
  61  6:44  Armory  
  61  6:49  SCV x2  
  64  7:01  SCV  
  64  7:03  SCV  
  64  7:05  Marine  
  64  7:06  Marine  
  64  7:08  Hellion x2  
  71  7:09  Siege Tank  
  71  7:13  Medivac  
  76  7:21  SCV  
  76  7:22  SCV  
  78  7:32  Missile Turret  
  78  7:34  Supply Depot  
  78  7:40  Supply Depot  
  78  7:42  SCV  
  78  7:43  SCV  
  80  7:47  Thor  
  86  7:56  Missile Turret, Cyclone x2  
  86  7:57  Supply Depot  
  92  8:02  SCV x2  
  94  8:18  SCV x2  
  94  8:19  Marine x2  
  98  8:20  Medivac  
  98  8:37  Marine  
  99  8:47  Marine  
  100  8:49  Thor  
  100  8:50  Viking  
  100  8:52  Hellbat  
  110  8:59  Supply Depot  
  110  9:03  Missile Turret, Supply Depot  
  110  9:06  Supply Depot  
  110  9:19  Barracks Reactor  
  110  9:20  SCV x2, Marine  
  110  9:21  Hellbat  
  115  9:26  Terran Vehicle And Ship Armor Level 1  
  115  9:28  Terran Infantry Armor Level 1  
  115  9:32  SCV  
  116  9:41  Starport  
  116  9:43  Command Center  
  116  10:06  Supply Depot x2  
  116  10:12  Thor  
  116  10:13  Cyclone  
  125  10:15  Cyclone  
  125  10:17  Marine x2  
  125  10:18  Marine  
  131  10:22  Starport Reactor, Starport Tech Lab  
  131  10:33  Armory  
  131  10:53  Missile Turret  
  131  11:15  Missile Turret  
  131  11:17  Refinery  
  131  11:18  Orbital Command  
  131  11:19  Refinery  
  131  11:21  SCV x2  
  131  11:22  Marine x2  
  131  11:23  Barracks Reactor  
  135  11:25  Cyclone  
  135  11:26  Cyclone  
  135  11:27  Siege Tank  
  135  11:30  Viking, Medivac  
  135  11:31  Raven  
  150  11:34  Terran Vehicle And Ship Armor Level 2  
  150  11:37  Terran Vehicle Weapons Level 1  
  150  11:39  Terran Infantry Weapons Level 1  
  150  11:48  Supply Depot  
  150  12:00  Marine x4  
  154  12:02  Hellbat x3  
  160  12:10  Supply Depot  
  160  12:18  Banshee, Marine x2  
  160  12:20  Marine x2  
  167  12:25  Cyclone  
  167  12:26  Hellbat  
  172  12:32  Siege Tank  
  172  12:33  Supply Depot  
  172  12:36  Marine x2  
  177  12:41  Supply Depot  
  177  13:00  Marine x2  
  177  13:01  Marine x2  
  177  13:02  Hellbat x2  
  177  13:04  Supply Depot  
  185  13:18  Marine  
  186  13:29  Missile Turret  
  186  13:31  Command Center  
  186  13:38  Command Center  
  186  13:39  Marine x2  
  186  13:40  Marine x2  
  190  13:41  Cyclone x2  
  190  13:48  Supply Depot  
  195  13:57  Marine  
  173  14:10  Supply Depot  
  146  14:22  Marine x4  
  146  14:24  Cyclone x3  
  113  14:40  Marine x2  
  99  14:51  Viking x2  
  99  14:52  Missile Turret, Viking  
  98  14:54  Marine x2  
  98  14:56  Cyclone x2  
  89  15:13  Missile Turret  
  62  15:27  Marine x2  
  67  15:37  Missile Turret  
Show
View Real Time Build Order
Export as new Build Order

tomendes Terran - Winner!

Build Orders:  

Get SALT Encoding   

  12  0:01  SCV  
  13  0:13  SCV  
  14  0:23  Supply Depot  
  14  0:25  SCV  
  15  0:44  SCV  
  15  0:47  Barracks  
  16  0:56  SCV  
  17  0:57  Refinery  
  17  1:02  Refinery  
  17  1:08  SCV  
  18  1:21  SCV  
  19  1:33  SCV  
  19  1:35  Barracks  
  19  1:36  Barracks Reactor  
  20  1:45  SCV  
  21  1:58  Orbital Command  
  21  2:01  Supply Depot  
  21  2:12  Marine x2  
  23  2:25  Barracks Tech Lab  
  23  2:30  Marine x2  
  23  2:35  Engineering Bay  
  23  2:36  Supply Depot, SCV  
  26  2:48  SCV, Marine x2  
  29  2:58  Supply Depot  
  29  3:00  SCV  
  29  3:01  Combat Shield  
  29  3:03  Marine  
  31  3:05  Marine  
  31  3:06  Marine  
  33  3:12  Factory  
  33  3:16  Terran Infantry Weapons Level 1  
  33  3:21  Marine  
  33  3:22  SCV  
  35  3:31  Marine x2  
  35  3:32  Supply Depot  
  37  3:34  SCV  
  36  3:46  SCV  
  37  3:53  Marine x3  
  40  3:57  Factory Tech Lab  
  40  3:58  SCV  
  41  4:07  Supply Depot  
  41  4:10  SCV  
  41  4:11  Marine x3  
  45  4:17  Barracks  
  45  4:24  Siege Tank  
  48  4:46  Missile Turret  
  48  4:47  SCV  
  48  4:52  Marine x3  
  51  4:56  Siege Tank  
  55  5:07  Starport  
  55  5:16  Command Center  
  55  5:18  SCV  
  56  5:24  Barracks Reactor  
  59  5:28  Siege Tank  
  59  5:29  Marine  
  59  5:30  SCV  
  59  5:31  Marine  
  62  5:38  Terran Infantry Armor Level 1  
  62  5:50  Armory, Starport Tech Lab  
  62  6:13  Medivac  
  62  6:14  Marine  
  62  6:15  Marine x4  
  69  6:31  Missile Turret  
  70  6:32  SCV  
  70  6:37  Orbital Command  
  70  6:44  SCV  
  71  6:53  Missile Turret  
  71  6:56  Command Center  
  71  6:57  SCV  
  72  7:02  Marine x3  
  72  7:03  Marine  
  76  7:13  Terran Vehicle And Ship Armor Level 1  
  76  7:17  SCV  
  77  7:24  Missile Turret  
  77  7:29  SCV  
  78  7:33  Medivac  
  78  7:34  Marine  
  78  7:35  Marine x4  
  85  7:41  SCV  
  86  7:45  Fusion Core  
  86  7:53  SCV  
  87  8:07  Orbital Command  
  87  8:10  Missile Turret  
  87  8:16  Terran Infantry Weapons Level 2  
  87  8:33  Missile Turret, SCV  
  88  8:35  Starport  
  88  8:42  Refinery  
  88  8:43  SCV  
  88  8:44  Refinery  
  88  8:45  SCV  
  88  8:46  SCV  
  91  8:55  Refinery  
  91  8:56  Refinery, SCV  
  91  8:57  SCV  
  91  8:58  SCV  
  94  9:04  Weapon Refit  
  94  9:06  Missile Turret  
  94  9:08  SCV  
  94  9:09  SCV  
  96  9:10  SCV  
  97  9:20  SCV  
  97  9:21  SCV  
  97  9:22  SCV  
  97  9:24  Starport Tech Lab, Battlecruiser  
  106  9:32  SCV  
  106  9:34  SCV  
  106  9:38  SCV  
  109  9:40  Command Center  
  109  9:57  SCV x2, Battlecruiser  
  117  10:03  SCV  
  117  10:06  Refinery  
  118  10:09  SCV x2  
  118  10:12  Starport, Terran Ship Weapons Level 1  
  120  10:15  SCV  
  120  10:19  Refinery  
  121  10:21  SCV x2  
  121  10:24  Supply Depot, Marine x2  
  125  10:29  Stimpack  
  125  10:33  Hi-Sec Auto Tracking  
  125  10:36  SCV x2, Marine x3  
  125  10:41  Marine  
  125  10:42  Marine  
  132  10:45  Battlecruiser  
  132  10:47  Supply Depot  
  132  10:48  SCV  
  139  10:54  Marine x3  
  142  11:01  Planetary Fortress  
  142  11:03  Missile Turret  
  142  11:08  SCV  
  142  11:10  Supply Depot  
  143  11:20  SCV  
  143  11:22  Starport Tech Lab  
  143  11:24  Battlecruiser  
  150  11:29  Terran Infantry Armor Level 2  
  150  11:33  SCV  
  150  11:35  Starport  
  151  11:45  SCV  
  152  11:52  Missile Turret  
  152  11:57  SCV  
  153  12:06  Terran Vehicle Weapons Level 1, Battlecruiser x2  
  165  12:12  Starport Tech Lab  
  165  12:13  Missile Turret  
  165  12:14  Starport  
  165  12:46  Missile Turret  
  165  12:59  Battlecruiser x2  
  165  13:02  Starport Tech Lab, Command Center  
  177  13:07  Missile Turret  
  177  13:10  Battlecruiser x2  
  189  13:18  Starport  
  189  13:29  Missile Turret  
  189  13:33  Missile Turret  
  189  13:35  Missile Turret  
  189  13:39  Battlecruiser  
  140  15:03  Starport Tech Lab  
Tags
 
Matchup
TvT
Race
Terran
Spawn Locations
Cross Positions
Add a new tag
Caveats
  • Supply blocks, unpowered buildings, or Contaminate may cause inaccurate times.
  • Supply counts are checked every 10 seconds.